 Dungeon Crawl Stone Soup version 0.23-a0-539-g3f6f39f (webtiles) character file.

2821 tidbits the Summoner (level 9, -4/66 HPs)
             Began as a Gnoll Summoner on Dec 7, 2018.
             Was a Believer of Cheibriados.
             Slain by a spiny frog (12 damage)
             ... on level 1 of the Lair of Beasts.
             The game lasted 00:31:30 (2585 turns).

tidbits the Summoner (Gnoll Summoner)               Turns: 2585, Time: 00:31:31

Health: -4/66      AC:  9    Str: 15    XL:     9   Next: 73%
Magic:  26/28      EV: 21    Int: 27    God:    Cheibriados [**....]
Gold:   280        SH:  7    Dex: 25    Spells: 9/21 levels left

rFire    . . .     SeeInvis .   a - +1 dagger (drain)
rCold    . . .     Gourm    .   D - +1 buckler {reflect}
rNeg     . . .     Faith    .   B - +0 ring mail
rPois    .         Spirit   .   E - +0 helmet {Int+3}
rElec    .         Reflect  +   i - scarf {cloud immunity}
rCorr    .         Harm     .   G - +0 pair of gloves
MR       +....                  F - +0 pair of boots
Stlth    ++++......             (no amulet)
HPRegen  0.21/turn              I - ring of magical power
MPRegen  0.21/turn              H - ring of protection from magic

@: agile, very slightly contaminated, invisible, very slow
A: distributed training, fangs 1, strong nose
a: Bend Time, Renounce Religion


You were on level 1 of the Lair of Beasts.
You worshipped Cheibriados.
Cheibriados was pleased with you.
You were not hungry.

You visited 3 branches of the dungeon, and saw 12 of its levels.
You also visited: Sewer.

You collected 280 gold pieces.

Inventory:

Hand Weapons
 a - a +1 dagger of draining (weapon)
   (You took it off a kobold in a sewer)
 b - a +0 war axe
 j - a +0 flail
 u - a +0 dagger
 v - a +2 hand crossbow of flaming
   (You took it off a kobold in a sewer)
 z - a +0 trident
 K - a +0 shortbow
Missiles
 d - 141 arrows
 k - 13 stones
 m - 32 sling bullets
 s - 5 tomahawks (quivered)
 w - 23 bolts
 C - 4 javelins
Armour
 e - a +0 robe
 i - a scarf of cloud immunity (worn)
   (You found it on level 2 of the Dungeon)
 B - a +0 ring mail (worn)
 D - a +1 buckler of reflection (worn)
   (You found it on level 10 of the Dungeon)
 E - a +0 helmet of intelligence (worn)
   (You found it in a sewer)
 F - a +0 pair of boots (worn)
 G - a +0 pair of gloves (worn)
 M - a +2 hat
 W - +0 fire dragon scales
Magical Staves
 p - an uncursed staff of power {!a}
   (You found it on level 4 of the Dungeon)
 q - an uncursed staff of poison
   (You found it on level 4 of the Dungeon)
Jewellery
 H - a ring of protection from magic (right hand)
   (You found it on level 8 of the Dungeon)
 I - a ring of magical power (left hand)
   (You found it on level 4 of the Dungeon)
 L - an uncursed ring of positive energy
   (You found it on level 8 of the Dungeon)
Wands
 h - a wand of digging (2)
 o - a wand of clouds (4)
 P - a wand of enslavement (9)
 R - a wand of iceblast (7)
 U - a wand of polymorph (4)
Scrolls
 f - a scroll of magic mapping
 g - 2 scrolls of enchant weapon
 l - 4 scrolls of amnesia {unknown}
 n - 2 scrolls of immolation {unknown}
 r - 2 scrolls of remove curse
 t - 5 scrolls of teleportation
 y - 2 scrolls of random uselessness {unknown}
 N - a scroll of fog
 Q - 3 scrolls of fear {unknown}
 S - 2 scrolls of enchant armour {unknown}
 V - 2 scrolls of blinking {unknown}
Potions
 A - a potion of brilliance
 J - a potion of might
 T - a potion of curing {unknown}
 X - a potion of berserk rage {unknown}
Comestibles
 c - 17 rations


   Skills:
 + Level 4.4 Fighting
 + Level 4.4 Short Blades
 + Level 4.4 Long Blades
 + Level 4.4 Axes
 + Level 4.4 Maces & Flails
 + Level 4.4 Polearms
 + Level 4.4 Staves
 + Level 4.4 Slings
 + Level 4.4 Bows
 + Level 4.4 Crossbows
 + Level 4.4 Throwing
 + Level 4.4 Armour
 + Level 6.4 Dodging
 + Level 6.2 Stealth
 + Level 4.4 Shields
 + Level 4.4 Unarmed Combat
 + Level 6.7 Spellcasting
 + Level 3.6 Conjurations
 + Level 3.6 Hexes
 + Level 3.6 Charms
 + Level 8.1 Summonings
 + Level 3.6 Necromancy
 + Level 3.6 Translocations
 + Level 3.6 Transmutations
 + Level 3.6 Fire Magic
 + Level 3.6 Ice Magic
 + Level 3.6 Air Magic
 + Level 3.6 Earth Magic
 + Level 3.6 Poison Magic
 + Level 4.9 Invocations
 + Level 4.4 Evocations


You had 9 spell levels left.
You knew the following spells:

 Your Spells              Type           Power        Failure   Level  Hunger
a - Summon Small Mammal   Summ           ####         1%          1    None
c - Call Canine Familiar  Summ           ######..     1%          3    None
i - Call Imp              Summ           ######..     1%          2    None
n - Animate Skeleton      Necr           N/A          2%          1    None
A - Apportation           Tloc           ####..       2%          1    None
L - Summon Lightning Spi  Summ/Air       #####...     10%         4    ###....

Your spell library contained the following spells:

 Spells                   Type           Power        Failure   Level  Hunger
 Confusing Touch          Hex            ####..       2%          1    None
 Magic Dart               Conj           ####         2%          1    None
 Searing Ray              Conj           ####..       3%          2    None
 Summon Guardian Golem    Hex/Summ       #####...     3%          3    None
 Dazzling Spray           Conj/Hex       ####..       8%          3    None
 Summon Ice Beast         Ice/Summ       #####...     10%         4    ###....
 Force Lance              Conj/Tloc      ####....     24%         4    ###....
 Fulminant Prism          Conj/Hex       ####......   24%         4    ###....
 Iskenderun's Mystic Bla  Conj           ####....     24%         4    ###....


Dungeon Overview and Level Annotations

Branches:
Dungeon (10/15)            Temple (1/1) D:7            Lair (1/6) D:10
    Orc: D:9-12

Altars:
Cheibriados
Fedhas
Gozag
Kikubaaqudgha
Nemelex Xobeh
Okawaru
Uskayaw
Yredelemnul
The Shining One

Shops:
D:5 [

Annotations:
D:3 exclusions: adder, hobgoblin and wyvern
D:8 exclusion: downstairs


Innate Abilities, Weirdness & Mutations

Your experience applies equally to all skills.
You have very sharp teeth.
Your uncanny sense of smell can sniff out nearby items.


Message History

Aiming: Summon Lightning Spire (safe; 10% risk of failure)
Press: ? - help, Dir - move target cursor An electric hum fills the air.
The rime drake hisses angrily.
The rime drake breathes ice at you. The flash freeze hits you!
You are encased in ice.
Unknown command.
Wield which item (- for none, * to show all)? (? for menu, Esc to quit)
Your +2 hand crossbow of flaming bursts into flame!
v - a +2 hand crossbow of flaming (weapon)
Firing (i - inventory. (/) - cycle)
w - 27 bolts (quivered)
Press: ? - help, Shift-Dir - straight line, f - rime drake
Aim: a rime drake (catching its breath)
You shoot a bolt. The bolt closely misses the spiny frog.
The bolt hits the rime drake!
The bolt burns the rime drake.
The rime drake is moderately wounded.
You block the spiny frog's attack.
Firing (i - inventory. (/) - cycle)
w - 26 bolts (quivered)
Press: ? - help, Shift-Dir - straight line, f/p - rime drake
Aim: a rime drake (moderately wounded, catching its breath)
You shoot a bolt.
The bolt hits the spiny frog but does no damage.
The spiny frog stings you!
The rime drake bites your lightning spire but does no damage.
Firing (i - inventory. (/) - cycle)
w - 25 bolts (quivered)
Press: ? - help, Shift-Dir - straight line, f/p - rime drake
Aim: a rime drake (moderately wounded)
You shoot a bolt.
The bolt hits the spiny frog but does no damage.
The ice encasing you melts away. You block the spiny frog's attack.
The rime drake bites your lightning spire.
A water moccasin comes into view.
The spiny frog stings you!
* * * LOW HITPOINT WARNING * * *
The rime drake bites your lightning spire.
You feel agile all of a sudden. The spiny frog completely misses you.
The rime drake bites your lightning spire but does no damage.
Unknown command.
Firing (i - inventory. (/) - cycle)
w - 24 bolts (quivered)
Press: ? - help, Shift-Dir - straight line, f - water moccasin, p - rime drake
Aim: a water moccasin You shoot a bolt.
The bolt hits the spiny frog!
The bolt burns the spiny frog.
The spiny frog is moderately wounded.
The spiny frog closely misses you.
The rime drake bites your lightning spire.
Your lightning spire shoots out a bolt of lightning at the rime drake!
The bolt of electricity hits the rime drake.
The bolt of electricity misses the rime drake.
The spiny frog barely misses you.
Evoke which item? (* to show all) (? for menu, Esc to quit)
Aiming: Cloud Cone
Press: ? - help, Dir - move target cursor, f/p - water moccasin
Aim: a water moccasin You create a blast of noxious fumes!
The rime drake is engulfed in noxious fumes.
The rime drake bites your lightning spire but does no damage.
The spiny frog closely misses you.
The rime drake is engulfed in noxious fumes.
The rime drake appears confused.
Firing (i - inventory. (/) - cycle)
w - 23 bolts (quivered)
Press: ? - help, Shift-Dir - straight line, f - rime drake, p - water moccasin
Aim: a rime drake (noxious fumes, severely wounded, confused) Really fire in your lightning spire's direction?
Okay, then.
Wield which item (- for none, * to show all)? (? for menu, Esc to quit)
Your +2 hand crossbow of flaming stops flaming.
You sense an unholy aura.
a - a +1 dagger of draining (weapon)
You block the spiny frog's attack.
Your lightning spire shoots out a bolt of lightning at the rime drake!
The bolt of electricity hits the rime drake.
You hit the spiny frog but do no damage.
The spiny frog is moderately wounded.
The rime drake is engulfed in noxious fumes.
You hit the spiny frog.
The spiny frog is moderately wounded.
The water moccasin bites your lightning spire but does no damage.
The spiny frog stings you!
* * * LOW HITPOINT WARNING * * *
The rime drake is engulfed in noxious fumes.
The rime drake appears confused.
It was a potion of invisibility.
You fade into invisibility!
The water moccasin bites your lightning spire but does no damage.
The spiny frog completely misses you.
The rime drake is engulfed in noxious fumes.
The rime drake appears confused.
The water moccasin bites your lightning spire but does no damage.
You block the spiny frog's attack.
You are very lightly contaminated with residual magic.
You hit the spiny frog. You drain the spiny frog!
The spiny frog is heavily wounded.
The rime drake is engulfed in noxious fumes.
The rime drake appears confused.
The water moccasin bites your lightning spire but does no damage.
The spiny frog stings you!
You die...

### ##.## ####
#.###...# #.
##.......# #.
#...#....# ##.
##...#...## #####..
#....#.P.# #...#..
#....###.####......
#....##....##......
##@...###....#.....
#F8..# #..........
§S§...##....###...
.§§k..#####..# #...
#§§§§### ..... #..#
##P... ##.......##
###.. #...#..## ...
########


You could see a spiny frog, a rime drake (confused), a water moccasin and a
friendly lightning spire.

Vanquished Creatures
  A two-headed ogre (D:8)
  A hungry ghost (D:9)
  A hog (D:7)
  A phantom (D:10)
  A crocodile (Sewer)
  A scorpion (D:7)
  2 killer bees (D:9)
  A jelly (D:10)
  2 hounds
  3 orc wizards
  A worker ant zombie (D:8)
  A gnoll (D:6)
  2 adders
  2 oozes
  5 orcs
  2 giant cockroaches
  2 hobgoblins
  5 jackals
  2 kobolds
  2 quokkas
  A jackal zombie (D:5)
  A rat (D:4)
  A plant (D:10)
41 creatures vanquished.

Vanquished Creatures (collateral kills)
  A komodo dragon (D:10)
  A hippogriff (D:7)
  A yak (D:7)
  2 hogs (D:7)
  A human (D:7)
  A water moccasin (D:8)
  A sky beast (D:8)
  An orc warrior (D:7)
  An ogre (D:5)
  A centaur (D:5)
  3 scorpions
  2 killer bees (D:9)
  3 howler monkeys (D:7)
  A bullfrog zombie (D:10)
  2 hounds
  An orc priest (D:4)
  4 orc wizards
  A bullfrog skeleton (D:5)
  8 worker ants
  3 adders
  3 gnolls (D:6)
  A river rat (D:4)
  An adder zombie (D:5)
  An adder skeleton (D:6)
  A worm (D:3)
  A dart slug (D:1)
  A leopard gecko (D:4)
  14 orcs
  3 giant cockroaches
  2 goblins
  A hobgoblin (D:3)
  12 jackals
  2 bats
  A frilled lizard (D:2)
  A jackal zombie (D:5)
  4 kobolds
  A quokka skeleton (D:4)
  3 rats
92 creatures vanquished.

Grand Total: 133 creatures vanquished

Notes
Turn   | Place    | Note
-------+----------+-------------------------------------------
     0 | D:1      | tidbits the Gnoll Summoner began the quest for the Orb.
     0 | D:1      | Reached XP level 1. HP: 13/13 MP: 6/6
     3 | D:1      | Noticed an electric eel
     3 | D:1      | Noticed an electric eel
   129 | D:2      | Reached XP level 2. HP: 20/20 MP: 7/7
   133 | D:2      | Learned a level 2 spell: Call Imp
   193 | D:1      | Reached XP level 3. HP: 20/25 MP: 5/9
   198 | D:1      | Learned a level 3 spell: Call Canine Familiar
   356 | D:3      | Reached skill level 5 in Spellcasting
   415 | D:3      | Noticed a wyvern
   487 | D:4      | Reached skill level 1 in Invocations
   496 | D:4      | Reached skill level 1 in Fighting
   496 | D:4      | Reached skill level 1 in Short Blades
   496 | D:4      | Reached skill level 1 in Long Blades
   496 | D:4      | Reached skill level 1 in Axes
   496 | D:4      | Reached skill level 1 in Maces & Flails
   496 | D:4      | Reached skill level 1 in Polearms
   496 | D:4      | Reached skill level 1 in Staves
   496 | D:4      | Reached skill level 1 in Slings
   496 | D:4      | Reached skill level 1 in Bows
   496 | D:4      | Reached skill level 1 in Crossbows
   496 | D:4      | Reached skill level 1 in Throwing
   496 | D:4      | Reached skill level 1 in Armour
   496 | D:4      | Reached skill level 1 in Shields
   496 | D:4      | Reached skill level 1 in Unarmed Combat
   496 | D:4      | Reached skill level 1 in Evocations
   510 | D:4      | Reached XP level 4. HP: 21/32 MP: 2/11
   517 | D:4      | Learned a level 4 spell: Summon Lightning Spire
   573 | D:4      | Reached skill level 1 in Conjurations
   573 | D:4      | Reached skill level 1 in Hexes
   573 | D:4      | Reached skill level 1 in Charms
   573 | D:4      | Reached skill level 1 in Necromancy
   573 | D:4      | Reached skill level 1 in Translocations
   573 | D:4      | Reached skill level 1 in Transmutations
   573 | D:4      | Reached skill level 1 in Fire Magic
   573 | D:4      | Reached skill level 1 in Ice Magic
   573 | D:4      | Reached skill level 1 in Air Magic
   573 | D:4      | Reached skill level 1 in Earth Magic
   573 | D:4      | Reached skill level 1 in Poison Magic
   611 | D:4      | Reached XP level 5. HP: 16/37 MP: 3/12
   728 | D:4      | Found a sparkling altar of Nemelex Xobeh.
   788 | D:4      | Found a glowing drain.
   805 | Sewer    | Entered a sewer
   862 | Sewer    | Noticed a crocodile
   866 | Sewer    | Killed a crocodile
  1010 | D:4      | Reached XP level 6. HP: 44/44 MP: 13/13
  1024 | D:4      | Reached skill level 2 in Invocations
  1083 | D:4      | Found a glowing golden altar of the Shining One.
  1084 | D:4      | Found a basalt altar of Yredelemnul.
  1084 | D:4      | Found a sparkling altar of Nemelex Xobeh.
  1089 | D:4      | Found a hide-covered altar of Uskayaw.
  1121 | D:5      | Entered Level 5 of the Dungeon
  1188 | D:5      | Found Hegill's Armour Boutique.
  1207 | D:5      | Reached skill level 5 in Dodging
  1209 | D:5      | Reached skill level 2 in Fighting
  1209 | D:5      | Reached skill level 2 in Short Blades
  1209 | D:5      | Reached skill level 2 in Long Blades
  1209 | D:5      | Reached skill level 2 in Axes
  1209 | D:5      | Reached skill level 2 in Maces & Flails
  1209 | D:5      | Reached skill level 2 in Polearms
  1209 | D:5      | Reached skill level 2 in Staves
  1209 | D:5      | Reached skill level 2 in Slings
  1209 | D:5      | Reached skill level 2 in Bows
  1209 | D:5      | Reached skill level 2 in Crossbows
  1209 | D:5      | Reached skill level 2 in Throwing
  1209 | D:5      | Reached skill level 2 in Armour
  1209 | D:5      | Reached skill level 2 in Shields
  1209 | D:5      | Reached skill level 2 in Unarmed Combat
  1209 | D:5      | Reached skill level 2 in Evocations
  1426 | D:5      | Reached XP level 7. HP: 36/50 MP: 15/15
  1665 | D:7      | Reached skill level 2 in Conjurations
  1665 | D:7      | Reached skill level 2 in Hexes
  1665 | D:7      | Reached skill level 2 in Charms
  1665 | D:7      | Reached skill level 2 in Necromancy
  1665 | D:7      | Reached skill level 2 in Translocations
  1665 | D:7      | Reached skill level 2 in Transmutations
  1665 | D:7      | Reached skill level 2 in Fire Magic
  1665 | D:7      | Reached skill level 2 in Ice Magic
  1665 | D:7      | Reached skill level 2 in Air Magic
  1665 | D:7      | Reached skill level 2 in Earth Magic
  1665 | D:7      | Reached skill level 2 in Poison Magic
  1701 | D:7      | Noticed a hippogriff
  1710 | D:7      | Killed a hippogriff
  1710 | D:7      | Reached skill level 5 in Stealth
  1727 | D:7      | Found a staircase to the Ecumenical Temple.
  1741 | Temple   | Entered the Ecumenical Temple
  1748 | Temple   | Became a worshipper of Cheibriados the Contemplative
  1791 | D:7      | Noticed a human
  1791 | D:7      | Noticed a hog
  1791 | D:7      | Noticed a hog
  1792 | D:7      | Noticed a hog
  1794 | D:7      | Killed a human
  1794 | D:7      | Reached skill level 3 in Invocations
  1794 | D:7      | Reached XP level 8. HP: 57/57 MP: 16/16
  1797 | D:7      | Noticed a yak
  1800 | D:7      | Reached skill level 3 in Fighting
  1800 | D:7      | Reached skill level 3 in Short Blades
  1800 | D:7      | Reached skill level 3 in Long Blades
  1800 | D:7      | Reached skill level 3 in Axes
  1800 | D:7      | Reached skill level 3 in Maces & Flails
  1800 | D:7      | Reached skill level 3 in Polearms
  1800 | D:7      | Reached skill level 3 in Staves
  1800 | D:7      | Reached skill level 3 in Slings
  1800 | D:7      | Reached skill level 3 in Bows
  1800 | D:7      | Reached skill level 3 in Crossbows
  1800 | D:7      | Reached skill level 3 in Throwing
  1800 | D:7      | Reached skill level 3 in Armour
  1800 | D:7      | Reached skill level 3 in Shields
  1800 | D:7      | Reached skill level 3 in Unarmed Combat
  1800 | D:7      | Reached skill level 3 in Evocations
  1804 | D:7      | Reached skill level 6 in Spellcasting
  1811 | D:7      | Killed a yak
  1930 | D:8      | Noticed a two-headed ogre
  1935 | D:8      | Killed a two-headed ogre
  1935 | D:8      | Reached skill level 6 in Dodging
  1935 | D:8      | Reached skill level 3 in Conjurations
  1935 | D:8      | Reached skill level 3 in Hexes
  1935 | D:8      | Reached skill level 3 in Charms
  1935 | D:8      | Reached skill level 3 in Necromancy
  1935 | D:8      | Reached skill level 3 in Translocations
  1935 | D:8      | Reached skill level 3 in Transmutations
  1935 | D:8      | Reached skill level 3 in Fire Magic
  1935 | D:8      | Reached skill level 3 in Ice Magic
  1935 | D:8      | Reached skill level 3 in Air Magic
  1935 | D:8      | Reached skill level 3 in Earth Magic
  1935 | D:8      | Reached skill level 3 in Poison Magic
  1935 | D:8      | Reached skill level 4 in Invocations
  1935 | D:8      | Reached XP level 9. HP: 46/65 MP: 18/18
  2038 | D:8      | Reached skill level 4 in Fighting
  2038 | D:8      | Reached skill level 4 in Short Blades
  2038 | D:8      | Reached skill level 4 in Long Blades
  2038 | D:8      | Reached skill level 4 in Axes
  2038 | D:8      | Reached skill level 4 in Maces & Flails
  2038 | D:8      | Reached skill level 4 in Polearms
  2038 | D:8      | Reached skill level 4 in Staves
  2038 | D:8      | Reached skill level 4 in Slings
  2038 | D:8      | Reached skill level 4 in Bows
  2038 | D:8      | Reached skill level 4 in Crossbows
  2038 | D:8      | Reached skill level 4 in Throwing
  2038 | D:8      | Reached skill level 4 in Armour
  2038 | D:8      | Reached skill level 4 in Shields
  2038 | D:8      | Reached skill level 4 in Unarmed Combat
  2038 | D:8      | Reached skill level 4 in Evocations
  2108 | D:7      | Reached * piety under Cheibriados
  2220 | D:9      | Reached skill level 6 in Stealth
  2220 | D:9      | Reached skill level 8 in Summonings
  2262 | D:9      | Reached ** piety under Cheibriados
  2282 | D:9      | Found an iron altar of Okawaru.
  2307 | D:10     | Entered Level 10 of the Dungeon
  2307 | D:10     | Found a hide-covered altar of Uskayaw.
  2469 | D:10     | Found a staircase to the Lair.
  2470 | D:10     | Noticed a komodo dragon
  2486 | D:10     | Killed a komodo dragon
  2512 | Lair:1   | Entered Level 1 of the Lair of Beasts
  2534 | Lair:1   | Learned a level 1 spell: Animate Skeleton
  2536 | Lair:1   | Learned a level 1 spell: Apportation
  2571 | Lair:1   | Noticed a spiny frog
  2572 | Lair:1   | Noticed a rime drake
  2585 | Lair:1   | Slain by a spiny frog

Vault maps used:
D:1:      arrival_aquarium_b, minmay_misc_feat_secret_circle
D:2:      minmay_box_of_dots, uniq_robin
D:4:      minitemple, lemuel_blue_sif_altar, portal_sewer_entry_a, first_ration,
          kennysheep_nondescript, nemelex_altar_shiori
D:5:      serial_shops, shop
D:6:      gammafunk_temple_overflow_elements, serial_rivers,
          chequers_serial_rivers_large_a, chequers_serial_rivers_micro_a,
          chequers_serial_rivers_micro_b, chequers_serial_rivers_micro_e,
          chequers_serial_rivers_micro_c, chequers_serial_rivers_micro_d
D:7:      overflow_temple_1_default, minmay_temple_entry_trees, grunt_livestock
D:8:      minmay_distorted_concentric_squares
D:9:      okawaru_trees_2, gammafunk_temple_overflow_forgotten
D:10:     david_lair_shrubbed, serial_shops, nicolae_shop_crystal, basic_altar,
          uniq_nergalle
Temple:   compressed_dpeg_circular_temple
Lair:1:   gammafunk_ghost_split, grunt_forest_large_clearing_hut
Sewer:    sewer_the_crocodile

Skill      XL: |  1  2  3  4  5  6  7  8  9 |
---------------+----------------------------+-----
Spellcasting   | 5 6 |  6.7
Invocations    | 1 2 3 4 |  4.9
Fighting       | 1 2 3 4 |  4.4
Short Blades   | 1 2 3 4 |  4.4
Long Blades    | 1 2 3 4 |  4.4
Axes           | 1 2 3 4 |  4.4
Maces & Flails | 1 2 3 4 |  4.4
Polearms       | 1 2 3 4 |  4.4
Staves         | 1 2 3 4 |  4.4
Slings         | 1 2 3 4 |  4.4
Bows           | 1 2 3 4 |  4.4
Crossbows      | 1 2 3 4 |  4.4
Throwing       | 1 2 3 4 |  4.4
Armour         | 1 2 3 4 |  4.4
Shields        | 1 2 3 4 |  4.4
Unarmed Combat | 1 2 3 4 |  4.4
Evocations     | 1 2 3 4 |  4.4
Conjurations   | 1 2 3 |  3.6
Hexes          | 1 2 3 |  3.6
Charms         | 1 2 3 |  3.6
Necromancy     | 1 2 3 |  3.6
Translocations | 1 2 3 |  3.6
Transmutations | 1 2 3 |  3.6
Fire Magic     | 1 2 3 |  3.6
Ice Magic      | 1 2 3 |  3.6
Air Magic      | 1 2 3 |  3.6
Earth Magic    | 1 2 3 |  3.6
Poison Magic   | 1 2 3 |  3.6
Dodging        | 5 6 |  6.4
Stealth        | 5 6 |  6.2
Summonings     | 8 |  8.1

Action                   |  1- 3 |  4- 6 |  7- 9 || total
-------------------------+-------+-------+-------++-------
Melee: Dagger            |    30 |    17 |    45 ||    92
       Bite              |     5 |     2 |     6 ||    13
       Trident           |       |    28 |     9 ||    37
       Staff             |       |     5 |     7 ||    12
       Flail             |       |       |     8 ||     8
       Punch             |       |       |     1 ||     1
 Fire: Hand crossbow     |       |     7 |    36 ||    43
Throw: Tomahawk          |       |    16 |     4 ||    20
       Stone             |       |     2 |     1 ||     3
 Cast: Summon Small Mamm |    22 |       |       ||    22
       Call Canine Famil |     5 |     1 |     1 ||     7
       Call Imp          |     4 |       |       ||     4
       Summon Lightning  |       |    16 |    19 ||    35
Evoke: Wand              |       |       |     6 ||     6
  Use: Scroll            |       |     7 |     4 ||    11
       Potion            |       |     2 |     2 ||     4
 Stab: Sleeping          |     4 |     2 |     7 ||    13
       Distracted        |       |     2 |       ||     2
  Eat: Ration            |       |     1 |     2 ||     3
       Chunk             |       |     1 |     3 ||     4
Armor: Robe              |     4 |    14 |    12 ||    30
       Ring mail         |       |       |     1 ||     1
Dodge: Dodged            |    29 |    47 |    64 ||   140
Block: Buckler           |       |       |     5 ||     5

Table legend:
 A = Non-vault XP
 B = Vault XP
 C = Vault XP percentage of total XP
 D = Non-vault monster count
 E = Vault monster count
 F = Vault count percentage of total count
                 A         B        C        D         E       F
            +---------+---------+-------+---------+---------+-------
      Total |    2947 |    1084 |  26.9 |     117 |      15 |  11.4
            +---------+---------+-------+---------+---------+-------
        D:1 |      14 |       0 |   0.0 |       7 |       0 |   0.0
        D:2 |      18 |       0 |   0.0 |       4 |       0 |   0.0
        D:3 |      22 |       0 |   0.0 |      12 |       0 |   0.0
        D:4 |     258 |       8 |   3.0 |      31 |       2 |   6.1
        D:5 |     255 |       0 |   0.0 |      12 |       0 |   0.0
        D:6 |      47 |       0 |   0.0 |       7 |       0 |   0.0
        D:7 |     522 |     807 |  60.7 |      15 |       5 |  25.0
        D:8 |    1100 |      23 |   2.0 |       6 |       1 |  14.3
        D:9 |     510 |       0 |   0.0 |      20 |       0 |   0.0
       D:10 |     201 |     169 |  45.7 |       3 |       1 |  25.0
      Sewer |       0 |      77 | 100.0 |       0 |       6 | 100.0
            +---------+---------+-------+---------+---------+-------

Table legend:
 A = Turns spent in this place as a percentage of turns spent in the entire game.
 B = Non-inter-level travel turns spent in this place as a percentage of non-inter-level travel turns spent in the entire game.
 C = Inter-level travel turns spent in this place as a percentage of turns spent in this place.
 D = Turns resting spent in this place as a percentage of non-inter-level travel turns spent in this place.
 E = Turns spent auto-exploring this place as a percentage of non-inter-level travel turns spent in this place.
 F = Non-inter-level travel turns spent in this place divided by the number of levels of this place that you've seen.
                   A       B       C       D       E      F
               +-------+-------+-------+-------+-------+----------------------
         Total | 100.0 | 100.0 |   0.8 |   0.0 |   0.0 | 197.2
       Dungeon |  91.8 |  91.8 |   0.8 |   0.0 |   0.0 | 235.3
        Temple |   0.6 |   0.5 |  13.3 |   0.0 |   0.0 |  13.0
          Lair |   2.8 |   2.8 |   0.0 |   0.0 |   0.0 |  73.0
         Sewer |   4.8 |   4.9 |   0.0 |   0.0 |   0.0 | 125.0
               +-------+-------+-------+-------+-------+----------------------

Table legend:
 A = Kills in this place as a percentage of kills in entire the game.
 B = Kills by you in this place as a percentage of kills by you in the entire game.
 C = Kills by friends in this place as a percentage of kills by friends in the entire game.
 D = Other kills in this place as a percentage of other kills in the entire game.
 E = Experience gained in this place as a percentage of experience gained in the entire game.
 F = Experience gained in this place divided by the number of levels of this place that you have seen.
                   A       B       C       D       E      F
               +-------+-------+-------+-------+-------+----------------------
         Total | 100.0 | 100.0 | 100.0 |   N/A | 100.0 | 310.1
       Dungeon |  95.5 |  92.5 |  96.7 |   N/A |  98.1 | 395.4
         Sewer |   4.5 |   7.5 |   3.3 |   N/A |   1.9 |  77.0
               +-------+-------+-------+-------+-------+----------------------

Vault maps used:
D:1:      arrival_aquarium_b, minmay_misc_feat_secret_circle
D:2:      minmay_box_of_dots, uniq_robin
D:4:      minitemple, lemuel_blue_sif_altar, portal_sewer_entry_a, first_ration,
          kennysheep_nondescript, nemelex_altar_shiori
D:5:      serial_shops, shop
D:6:      gammafunk_temple_overflow_elements, serial_rivers,
          chequers_serial_rivers_large_a, chequers_serial_rivers_micro_a,
          chequers_serial_rivers_micro_b, chequers_serial_rivers_micro_e,
          chequers_serial_rivers_micro_c, chequers_serial_rivers_micro_d
D:7:      overflow_temple_1_default, minmay_temple_entry_trees, grunt_livestock
D:8:      minmay_distorted_concentric_squares
D:9:      okawaru_trees_2, gammafunk_temple_overflow_forgotten
D:10:     david_lair_shrubbed, serial_shops, nicolae_shop_crystal, basic_altar,
          uniq_nergalle
Temple:   compressed_dpeg_circular_temple
Lair:1:   gammafunk_ghost_split, grunt_forest_large_clearing_hut
Sewer:    sewer_the_crocodile
